 Dungeon Crawl Stone Soup version 0.30-a0-1008-g30c9307041 (webtiles) character file.

Game seed: 9748222222562244559

2071 puppykicker the Ruffian (level 9, -2/85 HPs)
             Began as a Troll Brigand on Apr 5, 2023.
             Was a Believer of Fedhas.
             Slain by a slime creature (6 damage)
             ... on level 7 of the Dungeon.
             The game lasted 00:16:35 (5680 turns).

puppykicker the Ruffian (Troll Brigand)             Turns: 5680, Time: 00:16:36

Health: -2/85      AC:  5    Str: 23    XL:     9   Next: 5%
Magic:  10/10      EV:  6    Int:  9    God:    Fedhas [**....]
Gold:   465        SH: 12    Dex: 11    Spells: 8/8 levels left

rFire   . . .      SeeInvis .      - Unarmed
rCold   . . .      Faith    .    l - +0 tower shield
rNeg    . . .      Spirit   .    b - +0 robe
rPois   +          Reflect  .    (helmet restricted)
rElec   .          Rampage  .    c - +0 cloak
rCorr   .                        (gloves unavailable)
Will    +....                    (boots unavailable)
Stlth   ++                       (no amulet)
HPRegen 1.14/turn                n - ring of willpower
MPRegen 0.12/turn                P - ring of poison resistance

@: no status effects
A: large, unfitting armour, claws 3, regeneration 1, shaggy fur 1, tough skin 1
a: Renounce Religion, Wall of Briars


You were on level 7 of the Dungeon.
You worshipped Fedhas.
Fedhas was pleased with you.
You visited 2 branches of the dungeon, and saw 8 of its levels.
You also visited: Ossuary.

You collected 465 gold pieces.

Inventory:

Missiles
 d - 22 poisoned darts
 e - 3 curare-tipped darts
 j - 2 throwing nets
 x - 3 javelins
 F - 8 large rocks (quivered)
Armour
 b - a +0 robe (worn)
 c - a +0 cloak (worn)
 l - a +0 tower shield (worn)
Jewellery
 n - a ring of willpower (left claw)
 r - a ring of magical power {MP+9}
 z - a ring of ice {rC+, rF-}
 C - a ring of resist corrosion
 P - a ring of poison resistance (right claw)
Scrolls
 f - 3 scrolls of fog
 g - 4 scrolls of magic mapping {!r}
 h - 2 scrolls of immolation {!r}
 i - a scroll of fear {unknown}
 m - 3 scrolls of amnesia
 o - a scroll of vulnerability {!r!r}
 q - a scroll of poison
 t - 6 scrolls of teleportation
Potions
 a - 6 potions of curing
 k - 5 potions of might
 p - a potion of flight
 s - 2 potions of mutation {!q}
 u - 2 potions of ambrosia
 v - 2 potions of brilliance {unknown}
 w - 4 potions of heal wounds
 y - a potion of attraction {!q}
 A - 2 potions of lignification {!q}
 B - a potion of cancellation
 D - 2 potions of resistance {unknown}
 E - a potion of degeneration {unknown}


   Skills:
 + Level 4.4 Fighting
 - Level 1.5 Short Blades
 + Level 4.8 Throwing
 - Level 0.7 Dodging
 - Level 2.1 Stealth
 + Level 4.1 Shields
 * Level 7.0 Unarmed Combat
 + Level 3.5 Invocations


You had 8 spell levels left.
You didn't know any spells.
Your spell library contained the following spells:

 Spells                   Type           Power      Damage    Failure   Level
 Call Canine Familiar     Summ           0%         N/A       100%        3
 Portal Projectile        Hex/Tloc       0%         N/A       100%        3
 Tukima's Dance           Hex            0%         N/A       100%        3
 Leda's Liquefaction      Hex/Erth       0%         N/A       100%        4
 Blade Hands              Tmut           0%         N/A       100%        5


Dungeon Overview and Level Annotations

Branches:
Dungeon (7/15)             Temple (1/1) D:4         Ossuary (visited)

Altars:
Ashenzari
Cheibriados
Fedhas
Gozag
Hepliaklqana
Kikubaaqudgha
Nemelex Xobeh
Ru
Sif Muna
Trog
Uskayaw
Vehumet
Xom
Yredelemnul
Zin
The Shining One

Shops:
D:6 (


Innate Abilities, Weirdness & Mutations

You are too large for most types of armour.
You have claws for hands.
Your natural rate of healing is unusually fast.
You are covered in fur. (AC +1)
You have tough skin. (AC +1)


Message History

Unknown command.
You mangle the large slime creature!! You block the hound's attack.
A large slime creature splits.
The hound bites you.
A large slime creature splits.
You block the slime creature's attack.
You barely miss the slime creature. You block the hound's attack.
The slime creature hits you! You block the slime creature's attack.
The slime creature hits you but does no damage.
The slime creature barely misses you. The hound bites you but does no damage.
You take 5 damage, and have 66/85 hp.
Unknown command.
You claw the slime creature! You block the hound's attack.
The slime creature hits you. The slime creature hits you!! x2
* * * LOW HITPOINT WARNING * * *
The slime creature hits you!
* * * LOW HITPOINT WARNING * * *
You take 50 damage, and have 16/85 hp.
MASSIVE DAMAGE!!
You don't know any spells.
Unknown command.
This is a scroll of acquirement!
Something appears at your feet! The hound bites you.
* * * LOW HITPOINT WARNING * * *
The slime creature hits you.
* * * LOW HITPOINT WARNING * * *
The hound bites you.
* * * LOW HITPOINT WARNING * * *
The slime creature completely misses you.
You block the slime creature's attack. The slime creature barely misses you.
You take 7 damage, and have 9/85 hp.
Unknown command.
As you read the scroll labelled KUTHRE VASO, it crumbles to dust.
Your body is wracked with pain!
* * * LOW HITPOINT WARNING * * *
The slime creature convulses! x4; The hound convulses!
It was a scroll of torment.
You block the hound's attack.
The slime creature hits you but does no damage.
The slime creature hits you.
* * * LOW HITPOINT WARNING * * *
You block the slime creature's attack. The slime creature hits you.
You die...

###.##...#
#........# #.....<#
##.....# #.....#
..########.....#
#.......##.....#
##########J###....#
..........@J[..>..+
.........hJJ##....#
.........(..##.####
.....[......##.#
........(...##.#
..#####.######.# .
#.# #.. #.# ## #.##


You could see 4 slime creatures and a hound.

Levels and vault maps discovered:
D:1:      onia_arrival_zoo_common, layout_rooms,
          shapermc_ecumenical_altar_pompeii
D:2:      layout_rooms, cheibrodos_gnoll_hut, uniq_jessica, uniq_terence,
          uniq_crazy_yiuf_cottage
D:3:      layout_loops_ring, kennysheep_generic_room_8
D:4:      layout_loops_ring, mainiacjoe_overflow_brackets,
          minmay_temple_entry_grid
D:5:      layout_layer_cave, ebering_ghost_rock_garden,
          nicolae_ossuary_entry_monument
D:6:      layout_basic, mainiacjoe_overflow_catwalk, serial_shops, shop
D:7:      layout_basic, grunt_dithmenos_smoke_and_mirrors, minmay_crossroads
Temple:   nicolae_temple_great_sept

Notes
Turn   | Place    | Note
-------+----------+-------------------------------------------
     0 | D:1      | puppykicker the Troll Brigand began the quest for the Orb.
     0 | D:1      | Reached XP level 1. HP: 19/19 MP: 0/0
     7 | D:1      | Noticed an iguana
     7 | D:1      | Noticed an anaconda
     7 | D:1      | Noticed a six-headed hydra
     8 | D:1      | Noticed a swamp worm
     8 | D:1      | Noticed a black bear
    16 | D:1      | Identified a +0 sling
    51 | D:1      | Identified a +0 ring mail
    73 | D:1      | Identified a +0 whip
    74 | D:1      | Identified a +0 short sword
    94 | D:1      | Found a faded altar of an unknown god.
   144 | D:1      | Identified a ring of resist corrosion
   151 | D:1      | Identified a +0 dagger
   164 | D:1      | Reached skill level 1 in Unarmed Combat
   188 | D:1      | Reached skill level 2 in Throwing
   188 | D:1      | Reached XP level 2. HP: 28/28 MP: 1/1
   191 | D:1      | Identified a +1 short sword of speed
   543 | D:2      | Identified a +0 dagger
   548 | D:2      | Identified a +0 dagger
   569 | D:2      | Identified a +0 dagger
   569 | D:2      | Identified a +0 robe
   569 | D:2      | Noticed Jessica
   572 | D:2      | Identified a +0 tower shield
   574 | D:2      | Killed Jessica
   575 | D:2      | Reached skill level 2 in Fighting
   575 | D:2      | Reached skill level 2 in Unarmed Combat
   575 | D:2      | Reached XP level 3. HP: 35/35 MP: 2/2
   659 | D:2      | Identified a +0 falchion
   659 | D:2      | Identified a +0 chain mail
   659 | D:2      | Noticed Terence
   672 | D:2      | HP: 8/35 [Terence/+0 falchion (5)]
   677 | D:2      | Identified 2 potions of heal wounds
   678 | D:2      | Killed Terence
   679 | D:2      | Reached XP level 4. HP: 34/42 MP: 3/3
   725 | D:2      | Identified a ring of willpower
   736 | D:2      | Identified a ring of poison resistance
   754 | D:2      | Identified a +0 dagger
   793 | D:2      | Identified a +0 flail
   843 | D:2      | Identified a +0 dagger
   921 | D:2      | Identified a +0 short sword
   990 | D:2      | Identified a +0 falchion
   990 | D:2      | Identified a +0 ring mail
  1023 | D:2      | Identified a +0 robe
  1153 | D:2      | Found a runed translucent door.
  1154 | D:2      | Identified a +2 quarterstaff of chaos
  1154 | D:2      | Identified a +0 cloak
  1154 | D:2      | Noticed Crazy Yiuf
  1166 | D:2      | HP: 5/44 [Crazy Yiuf/+2 quarterstaff of chaos (12)]
  1168 | D:2      | Killed Crazy Yiuf
  1169 | D:2      | Reached skill level 1 in Shields
  1169 | D:2      | Reached skill level 3 in Unarmed Combat
  1169 | D:2      | Reached XP level 5. HP: 24/50 MP: 0/4
  1172 | D:2      | Identified a +0 hammer
  1311 | D:3      | Identified a +0 club
  1802 | D:3      | Identified a +0 ring mail
  1939 | D:4      | Found a staircase to the Ecumenical Temple.
  1946 | D:4      | Noticed a phantom
  1949 | Temple   | Entered the Ecumenical Temple
  2019 | Temple   | Became a worshipper of Fedhas Madash
  2050 | D:4      | Killed a phantom
  2051 | D:4      | Reached skill level 3 in Throwing
  2122 | D:4      | Found a hazy altar of Hepliaklqana.
  2123 | D:4      | Identified 3 scrolls of immolation
  2124 | D:4      | Identified 4 scrolls of identify
  2124 | D:4      | Identified a potion of flight
  2125 | D:4      | Identified 2 potions of mutation
  2126 | D:4      | Identified a potion of attraction
  2127 | D:4      | Identified 2 scrolls of amnesia
  2128 | D:4      | Identified 5 potions of curing
  2141 | D:4      | Reached XP level 6. HP: 57/59 MP: 5/5
  2169 | D:4      | Identified a +0 whip
  2169 | D:4      | Identified a +0 ring mail
  2304 | D:4      | Reached skill level 4 in Unarmed Combat
  2334 | D:4      | Identified a +0 dagger
  2334 | D:4      | Identified a +0 ring mail
  2340 | D:4      | Reached skill level 2 in Shields
  2355 | D:4      | Identified a +0 club
  2355 | D:4      | Identified a +0 ring mail
  2356 | D:4      | Identified a +0 whip
  2356 | D:4      | Identified a +0 leather armour
  2357 | D:4      | Identified a +0 flail
  2357 | D:4      | Identified a +0 hand axe
  2357 | D:4      | Identified a +0 leather armour
  2360 | D:4      | Identified a +0 dagger
  2360 | D:4      | Identified a ring of magical power
  2385 | D:4      | HP: 10/59 [black bear (8)]
  2385 | D:4      | HP: 4/59 [black bear (2)]
  2388 | D:4      | Reached skill level 3 in Fighting
  2388 | D:4      | Reached skill level 1 in Invocations
  2510 | D:4      | Reached XP level 7. HP: 64/67 MP: 5/7
  2581 | D:4      | Reached * piety under Fedhas
  2677 | D:4      | Identified a +0 club
  2759 | D:4      | Identified a ring of ice
  2818 | D:4      | Identified 4 scrolls of fog
  2819 | D:4      | Identified 2 scrolls of vulnerability
  2820 | D:4      | Identified 2 scrolls of brand weapon
  2822 | D:4      | Identified a scroll of noise
  2848 | D:5      | Entered Level 5 of the Dungeon
  2924 | D:5      | Found a runed translucent gate.
  2934 | D:5      | Identified a scroll of teleportation
  2961 | D:5      | Reached skill level 5 in Unarmed Combat
  2997 | D:5      | Identified a scroll of enchant weapon
  3096 | D:5      | Identified a +0 shortbow
  3111 | D:5      | Reached skill level 2 in Invocations
  3254 | D:5      | Found a sand-covered staircase.
  3268 | Ossuary  | Entered an ossuary
  3297 | Ossuary  | Reached skill level 3 in Shields
  3379 | Ossuary  | Reached XP level 8. HP: 59/75 MP: 8/8
  3417 | Ossuary  | Reached skill level 4 in Throwing
  3557 | Ossuary  | Identified a potion of cancellation
  3558 | Ossuary  | Identified 4 scrolls of magic mapping
  3559 | Ossuary  | Identified 2 scrolls of poison
  4039 | D:5      | Identified a +0 whip
  4042 | D:5      | Identified a +0 whip
  4042 | D:5      | Identified a +0 leather armour
  4042 | D:5      | Identified a +0 club
  4042 | D:5      | Identified a +0 club
  4043 | D:5      | Identified a +0 flail
  4056 | D:5      | Reached ** piety under Fedhas
  4199 | D:5      | Found a runed translucent gate.
  4200 | D:5      | Found a runed translucent gate.
  4681 | D:5      | Identified a +0 long sword
  4726 | D:5      | Noticed mandoloar's ghost (novice OpTm)
  4729 | D:5      | Identified 6 potions of might
  4730 | D:5      | Identified 3 potions of ambrosia
  4739 | D:5      | Killed mandoloar's ghost
  4740 | D:5      | Reached skill level 6 in Unarmed Combat
  4788 | D:6      | Found Quangerahih's Antique Weapon Boutique.
  4872 | D:6      | Identified a +0 shortbow
  4878 | D:6      | Reached skill level 4 in Fighting
  4878 | D:6      | Identified 2 potions of lignification
  4913 | D:6      | Identified a +0 ring mail
  4936 | D:6      | Reached skill level 3 in Invocations
  5032 | D:6      | Identified a +0 ring mail
  5038 | D:6      | Identified a +1 mace of draining
  5038 | D:6      | Identified a +0 flail
  5038 | D:6      | Identified a +0 falchion
  5191 | D:6      | Identified an orb of guile
  5269 | D:6      | Identified a +0 mace
  5278 | D:6      | Reached skill level 4 in Shields
  5334 | D:6      | Reached XP level 9. HP: 85/85 MP: 10/10
  5342 | D:6      | Found a broken altar of Ashenzari.
  5401 | D:6      | Reached skill level 7 in Unarmed Combat
  5628 | D:7      | Identified a +0 leather armour
  5631 | D:7      | Identified a +0 plate armour
  5678 | D:7      | HP: 16/85 [slime creature (13)]
  5679 | D:7      | Identified a scroll of acquirement
  5679 | D:7      | Acquired a scarf of harm
  5680 | D:7      | HP: 6/85 [/a scroll of torment (3)]
  5680 | D:7      | Identified a scroll of torment
  5680 | D:7      | Slain by a slime creature

Table legend: (Time is in decaauts)
 A = Elapsed time spent in this place.
 B = Non-inter-level travel time spent in this place.
 C = Inter-level travel time spent in this place.
 D = Time resting spent in this place.
 E = Time spent auto-exploring this place.
 F = Levels seen in this place.
 G = Mean time per level.
                   A        B        C        D        E       F      G
               +--------+--------+--------+--------+--------+-----+--------+
         Total |   5766 |   5589 |    177 |    500 |   3789 |   9 |  640.7 |
       Dungeon |   5265 |   5105 |    160 |    335 |   3641 |   7 |  752.1 |
        Temple |     80 |     63 |     17 |      0 |     51 |   1 |   80.0 |
       Ossuary |    420 |    420 |      0 |    165 |     97 |   1 |  420.0 |
               +--------+--------+--------+--------+--------+-----+--------+

Top non-repeatable levels by time:
     D:5: 1528 daAuts
     D:6: 860 daAuts
     D:4: 856 daAuts
     D:2: 710 daAuts
     D:3: 704 daAuts
     D:1: 541 daAuts
 Ossuary: 420 daAuts
  Temple: 80 daAuts
     D:7: 63 daAuts

Table legend:
 A = Kills in this place as a percentage of kills in the entire game.
 B = Kills by you in this place as a percentage of kills by you in the entire game.
 C = Kills by friends in this place as a percentage of kills by friends in the entire game.
 D = Other kills in this place as a percentage of other kills in the entire game.
 E = Experience gained in this place as a percentage of experience gained in the entire game.
 F = Experience gained in this place divided by the number of levels of this place that you have seen.
                   A       B       C       D       E      F
               +-------+-------+-------+-------+-------+----------------------
         Total | 100.0 | 100.0 |   N/A |   N/A | 100.0 | 328.8
       Dungeon |  86.0 |  86.0 |   N/A |   N/A |  94.8 | 400.7
       Ossuary |  14.0 |  14.0 |   N/A |   N/A |   5.2 | 154.0
               +-------+-------+-------+-------+-------+----------------------

Skill      XL: |  1  2  3  4  5  6  7  8  9 |
---------------+----------------------------+-----
Unarmed Combat | 1 2 3 4 5 6 7 |  7.0
Throwing       | 2 3 4 |  4.8
Fighting       | 2 3 4 |  4.4
Shields        | 1 2 3 4 |  4.1
Invocations    | 1 2 3 |  3.5
Short Blades   | |  1.5
Dodging        | |  0.7
Stealth        | |  2.1

Action                     |  1- 3 |  4- 6 |  7- 9 || total
---------------------------+-------+-------+-------++-------
  Melee: Unarmed           |    80 |   140 |   192 ||   412
  Throw: Javelin           |       |     9 |       ||     9
         Large rock        |       |       |     5 ||     5
    Use: Potion            |     1 |     3 |     2 ||     6
         Scroll            |       |     5 |    12 ||    17
   Stab: Sleeping          |     3 |     6 |     3 ||    12
 Armour: Robe              |    38 |    42 |    54 ||   134
  Dodge: Dodged            |    40 |    37 |    50 ||   127
  Block: Tower shield      |     8 |    92 |   159 ||   259

Vanquished Creatures
  The ghost of mandoloar the Insei, a novice OpTm (D:5)
  3 water moccasins
  An ice beast (D:6)
  2 black bears
  2 centaurs
  2 phantoms
  A bullfrog (D:7)
  2 scorpions (D:4)
  4 hounds
  A gnoll bouda (D:5)
  3 jellies
  2 orc priests
  Crazy Yiuf (D:2)
  Terence (D:2)
  Jessica (D:2)
  4 iguanas
  8 mummies (Ossuary)
  5 gnolls
  2 adders
  A white imp (D:6)
  2 ufetubi
  A worm (D:3)
  3 dart slugs
  8 orcs
  3 bats
  2 endoplasms (D:1)
  5 giant cockroaches
  A gnoll zombie (Ossuary)
  4 hobgoblins
  6 jackals (D:2)
  4 quokkas
  2 ball pythons
  3 frilled lizards
  2 goblins
  A hobgoblin zombie (Ossuary)
  9 kobolds
  2 kobold zombies (Ossuary)
  4 orc zombies (Ossuary)
  5 rats
114 creatures vanquished.

Vanquished Creatures (others)
  A sleepcap (D:7)
1 creature vanquished.

Grand Total: 115 creatures vanquished
